 Dungeon Crawl Stone Soup version 0.21.1-1-g345015f (webtiles) character file.

162 GreamJoe the Sneak (level 5, -4/27 HPs)
             Began as a Spriggan Assassin on Feb 14, 2018.
             Killed by nerve-wracking pain
             ... invoked by an orc priest
              (11 damage)
             ... on level 4 of the Dungeon.
             The game lasted 00:31:31 (5587 turns).

GreamJoe the Sneak (Spriggan Assassin)              Turns: 5587, Time: 00:31:33

Health: -4/27      AC:  3    Str:  4 (7)  XL:     5   Next: 19%
Magic:  6/6        EV: 17    Int: 10 (12) God:
Gold:   125        SH:  0    Dex: 17 (19) Spells: 4/4 levels left

rFire    . . .     SeeInvis +   q - +1 dagger (drain)
rCold    . . .     Gourm    .   (shield restricted)
rNeg     . . .     Faith    .   A - +0 robe
rPois    +         Spirit   .   (helmet restricted)
rElec    .         Reflect  .   d - +0 cloak
rCorr    .         Harm     .   (gloves unavailable)
MR       .....                  (boots unavailable)
Stlth    ++++......             (no amulet)
HPRegen  0.09/turn              o - ring of poison resistance
MPRegen  0.10/turn              p - ring of flight

@: drained, very quick
A: very small, unfitting armour, see invisible, herbivore, speed 3, slow
metabolism 2
a: Evoke Flight


You were on level 4 of the Dungeon.
You were not hungry.

You visited 1 branch of the dungeon, and saw 4 of its levels.

You collected 125 gold pieces.

Inventory:

Hand Weapons
 a - a +2 dagger
 b - a +0 blowgun
 q - a +1 dagger of draining (weapon)
 v - a +0 blowgun
Missiles
 e - 13 poisoned needles
 f - 2 curare-tipped needles
 l - 7 needles of sleeping
 t - 80 arrows
Armour
 c - a +0 robe
 d - a +0 cloak (worn)
 h - a +0 pair of boots
 j - a +0 robe
 u - a cursed +0 leather armour
 A - a +0 robe (worn)
Jewellery
 o - a ring of poison resistance (left hand)
 p - a ring of flight (right hand)
Scrolls
 i - a scroll of enchant weapon
 n - 2 scrolls of blinking
 s - 2 scrolls of identify
 y - a scroll of remove curse
 z - a scroll of immolation {unknown}
Potions
 k - a potion of might {unknown}
 m - a potion of flight
 r - a potion of curing {unknown}
 x - a potion of invisibility {unknown}
Comestibles
 g - 3 rations


   Skills:
 + Level 2.4(2.1) Fighting
 + Level 3.9(3.6) Short Blades
 + Level 2.7(2.4) Throwing
 + Level 2.5(2.3) Dodging
 + Level 7.0(6.7) Stealth


You had 4 spell levels left.
You didn't know any spells.

Dungeon Overview and Level Annotations

Branches:
Dungeon (4/15)
 Temple: D:4-7

Altars:
Cheibriados
Elyvilon
Fedhas
Nemelex Xobeh
Vehumet
Xom
The Shining One


Innate Abilities, Weirdness & Mutations

You are very small and have problems with some larger weapons.
You are too small for most types of armour.
You have supernaturally acute eyesight. (SInv)
You are a herbivore.
You cover ground extremely quickly.
You need consume almost no food.


Message History

You hit the orc priest but do no damage.
The orc priest is moderately wounded.
The orc misses you. The orc priest misses you.
You hit the orc priest. You drain the orc priest!
The orc priest is severely wounded.
The orc completely misses you. The orc closely misses you.
You hit the orc priest but do no damage.
You drain the orc priest!
The orc priest is almost dead.
The orc priest calls down the wrath of Beogh upon you.
Pain shoots through your body! The leopard gecko misses you. The orc hits you.
* * * LOW HITPOINT WARNING * * *
You barely miss the orc priest.
The orc priest is almost dead.
The leopard gecko bites you.
* * * LOW HITPOINT WARNING * * *
The orc misses you.
The orc priest invokes the aid of Beogh against you.
Pain shoots through your body!
You die...

####......##.$.#.# ..
....... ##..... #.
......###.o... #.
#..##.##..... # #.
#..##.#...... ##. #§#
#............ ##..(
#§####..o.....####
#.....#oo##§...o##..#
......l@oo§....###.##
#.....####§.#..# #.#
##.... #..##.# #.#
#... #..###.##.# #...
#.## ....# #.. #..
..S.. ... #.. ###.
...


You could see an orc priest, 3 orcs and a leopard gecko.

Vanquished Creatures
  Jessica (D:3)
  A worker ant (D:3)
  2 adders (D:3)
  2 worms (D:3)
  2 dart slugs
  5 orcs (D:3)
  3 giant cockroaches
  14 goblins
  12 hobgoblins
  A ball python (D:2)
  11 bats
  3 frilled lizards
  10 kobolds
  10 rats
77 creatures vanquished.

Notes
Turn   | Place    | Note
-------+----------+-------------------------------------------
     0 | D:1      | GreamJoe the Spriggan Assassin began the quest for the Orb.
     0 | D:1      | Reached XP level 1. HP: 10/10 MP: 2/2
   333 | D:1      | Reached skill level 6 in Stealth
   885 | D:1      | Reached XP level 2. HP: 15/15 MP: 3/3
  1003 | D:1      | Found a shimmering altar of Xom.
  1804 | D:2      | Reached XP level 3. HP: 18/18 MP: 4/4
  1855 | D:2      | Found a glowing golden altar of the Shining One.
  1855 | D:2      | Found a sparkling altar of Nemelex Xobeh.
  1865 | D:2      | Found a blossoming altar of Fedhas.
  1870 | D:2      | Found a radiant altar of Vehumet.
  1872 | D:2      | Found a snail-covered altar of Cheibriados.
  1955 | D:2      | Became a worshipper of the Shining One
  3225 | D:3      | Noticed Jessica
  3231 | D:3      | Killed Jessica
  3231 | D:3      | Reached XP level 4. HP: 23/23 MP: 5/5
  3377 | D:3      | Reached skill level 7 in Stealth
  3622 | D:3      | HP: 1/23 [goblin/stone (6)]
  4174 | D:3      | The Shining One protects you from harm!
  4418 | D:3      | Found a white marble altar of Elyvilon.
  4471 | D:3      | Reached XP level 5. HP: 4/27 MP: 6/6
  4933 | D:3      | Was placed under penance by the Shining One
  5584 | D:4      | Fell from the grace of the Shining One
  5587 | D:4      | Killed from afar by an orc priest

Skill      XL: |  1  2  3  4 |
---------------+-------------+-----
Stealth        | 6 7 |  7.0
Dodging        | 2 |  2.5
Fighting       | 2 |  2.4
Short Blades   | 3 |  3.9
Throwing       | |  2.7

Action                   |  1- 3 |  4- 6 || total
-------------------------+-------+-------++-------
Melee: Dagger            |   149 |   102 ||   251
       Blowgun           |       |     1 ||     1
 Fire: Blowgun           |       |    45 ||    45
  Use: Potion            |       |     5 ||     5
       Scroll            |       |     9 ||     9
 Stab: Sleeping          |     7 |       ||     7
  Eat: Ration            |       |     1 ||     1
Armor: Robe              |    16 |     6 ||    22
Dodge: Dodged            |   103 |   107 ||   210
